 Dungeon Crawl Stone Soup version 0.30-a0-424-g7412bad402 (webtiles) character file.

Game seed: 8113250083259177215

179 bande the Shield-Bearer (level 5, -2/33 HPs)
             Began as a Gargoyle Fighter on Dec 10, 2022.
             Slain by a river rat (6 damage)
             ... in a sewer.
             The game lasted 00:06:37 (2152 turns).

bande the Shield-Bearer (Gargoyle Fighter)          Turns: 2152, Time: 00:06:38

Health: -2/33      AC: 13    Str: 19    XL:     5   Next: 59%
Magic:  5/5        EV:  3    Int:  9    God:
Gold:   110        SH: 12    Dex: 11    Spells: 4/4 levels left

rFire   + . .      SeeInvis .    a - +0 war axe
rCold   + . .      Faith    .    f - +0 tower shield
rNeg    + . .      Spirit   .    i - +0 chain mail
rPois   ∞          Reflect  .    (no helmet)
rElec   +          Harm     .    (no cloak)
rCorr   .          Rampage  .    (no gloves)
Will    .....                    (no boots)
Stlth   ..........               (no amulet)
HPRegen 0.25/turn                c - ring of protection from cold
MPRegen 0.09/turn                g - ring of protection from fire

@: no status effects
A: sickness immunity, AC +4, negative energy resistance 1, electricity
resistance, torment resistance 1, petrification resistance
a: no special abilities


You were in a sewer.
You visited 1 branch of the dungeon, and saw 3 of its levels.
You also visited: Sewer.

You collected 110 gold pieces.

Inventory:

Hand Weapons
 a - a +0 war axe (weapon)
 b - a +0 flail
Armour
 f - a +0 tower shield (worn)
 i - a +0 chain mail (worn)
Jewellery
 c - a ring of protection from cold (left hand)
 g - a ring of protection from fire (right hand)
Scrolls
 j - a scroll of teleportation {unknown}
Potions
 d - 2 potions of might
 e - a potion of cancellation {unknown}
 h - a potion of brilliance {unknown}


   Skills:
 + Level 3.8 Fighting
 + Level 3.5 Axes
 + Level 4.1 Armour
 - Level 0.4 Dodging
 - Level 0.4 Stealth
 + Level 4.2 Shields


You had 4 spell levels left.
You didn't know any spells.
Your spell library contained the following spells:

 Spells                   Type           Power      Damage    Failure   Level
 Summon Small Mammal      Summ           0%         N/A       100%        1
 Ensorcelled Hibernation  Hex/Ice        0%         N/A       100%        2
 Passwall                 Tmut/Erth      0%         N/A       100%        2
 Call Canine Familiar     Summ           0%         N/A       100%        3
 Summon Guardian Golem    Hex/Summ       0%         N/A       100%        3
 Swiftness                Air            0%         N/A       100%        3
 Summon Ice Beast         Ice/Summ       0%         N/A       100%        4
 Summon Mana Viper        Hex/Summ       0%         N/A       100%        5
 Monstrous Menagerie      Summ           0%         N/A       100%        7


Dungeon Overview and Level Annotations

Branches:
Dungeon (3/15)              Sewer (1/1)

Altars:
Cheibriados


Innate Abilities, Weirdness & Mutations

You are immune to sickness and miasma.
Your stone body is resilient. (AC +4)
You are immune to poison.
You resist negative energy. (rN+)
You are resistant to electric shocks. (rElec)
You are resistant to unholy torment.
You are immune to petrification.


Message History

You hit the river rat. You barely miss the river rat.
The river rat bites you but does no damage.
You block the river rat's attack. The river rat bites you.
Unknown command.
You barely miss the river rat.
The river rat is moderately wounded.
You hit the river rat but do no damage. You barely miss the river rat.
You block the river rat's attack.
The river rat bites you but does no damage. x2
The river rat barely misses you.
The river rat twitches its whiskers.
You block the river rat's attack. x2
You hit the river rat but do no damage.
The river rat is moderately wounded.
You closely miss the river rat. You hit the river rat but do no damage.
The river rat bites you but does no damage. x2
You block the river rat's attack.
The river rat bites you but does no damage.
The river rat bites you!
* * * LOW HITPOINT WARNING * * *
The river rat bites you but does no damage.
You closely miss the river rat.
The river rat is moderately wounded.
You hit the river rat. You barely miss the river rat.
You block the river rat's attack. x2
The river rat bites you but does no damage.
You block the river rat's attack. The river rat completely misses you.
The river rat bites you.
* * * LOW HITPOINT WARNING * * *
You block the river rat's attack.
You hit the river rat.
The river rat is severely wounded.
You closely miss the river rat. The river rat bites you.
* * * LOW HITPOINT WARNING * * *
The river rat bites you but does no damage.
You hit the river rat but do no damage.
The river rat is severely wounded.
You barely miss the river rat. You block the river rat's attack.
The river rat bites you.
You die...

~~~.....# ≈≈~.....#
~~....## #.....#
#.†..# #...##
##r..# #rr.# ##@..#
##...##
##############....#
≈≈≈≈≈≈≈≈≈≈≈≈#.....#
~≈≈~≈≈.≈≈~~†~....##
~~~≈≈#~~~~~~†....#
~≈≈~~~≈≈~~~~~....#
≈≈~~.~~≈≈≈≈≈~...##
≈≈≈≈≈≈≈≈≈≈≈≈#.###


You could see 3 river rats.

Vanquished Creatures
  An orc priest (D:1)
  An orc wizard (D:2)
  3 adders
  3 river rats
  3 orcs (D:2)
  5 endoplasms
  4 giant cockroaches
  4 goblins
  A hobgoblin (D:1)
  6 jackals (D:1)
  6 quokkas
  5 ball pythons
  6 bats
  3 frilled lizards
  5 kobolds
  14 rats
70 creatures vanquished.

Notes
Turn   | Place    | Note
-------+----------+-------------------------------------------
     0 | D:1      | bande the Gargoyle Fighter began the quest for the Orb.
     0 | D:1      | Reached XP level 1. HP: 14/14 MP: 1/1
    59 | D:1      | Reached XP level 2. HP: 12/19 MP: 2/2
   186 | D:1      | Reached XP level 3. HP: 23/23 MP: 3/3
   815 | D:1      | Reached XP level 4. HP: 28/28 MP: 4/4
  1441 | D:2      | Found a snail-covered altar of Cheibriados.
  1493 | D:2      | Reached XP level 5. HP: 33/33 MP: 5/5
  1511 | D:2      | Found a faded altar of an unknown god.
  2056 | D:3      | Found a glowing drain.
  2074 | Sewer    | Entered a sewer
  2152 | Sewer    | Slain by a river rat

Illustrated notes

Levels and vault maps discovered:
D:1:      dpeg_arrival_ternary, layout_rooms, minmay_pentomino_z4
D:2:      layout_basic, basic_altar, basic_ecumenical_altar
D:3:      minmay_thinvault, layout_basic, mainiacjoe_overflow_boulevard,
          portal_sewer_entry_c, uniq_jessica
Sewer:    sewer_minmay_w

Skill      XL: |  1  2  3  4 |
---------------+-------------+-----
Axes           | 2 3 |  3.5
Shields        | 4 |  4.2
Armour         | 4 |  4.1
Fighting       | |  3.8
Dodging        | |  0.4
Stealth        | |  0.4

Action                   |  1- 3 |  4- 6 || total
-------------------------+-------+-------++-------
Melee: War axe           |    75 |   103 ||   178
Armor: Scale mail        |    73 |       ||    73
       Chain mail        |       |    82 ||    82
Dodge: Dodged            |    44 |    15 ||    59
Block: Buckler           |     7 |       ||     7
       Tower shield      |    58 |   107 ||   165

Table legend: (Time is in decaauts)
 A = Elapsed time spent in this place.
 B = Non-inter-level travel time spent in this place.
 C = Inter-level travel time spent in this place.
 D = Time resting spent in this place.
 E = Time spent auto-exploring this place.
 F = Levels seen in this place.
 G = Mean time per level.
                   A        B        C        D        E       F      G
               +--------+--------+--------+--------+--------+-----+--------+
         Total |   2288 |   2270 |     18 |    702 |    972 |   4 |  572.0 |
       Dungeon |   2179 |   2161 |     18 |    702 |    939 |   3 |  726.3 |
         Sewer |    109 |    109 |      0 |      0 |     33 |   1 |  109.0 |
               +--------+--------+--------+--------+--------+-----+--------+

Top non-repeatable levels by time:
     D:1: 1296 daAuts
     D:2: 771 daAuts
     D:3: 111 daAuts
   Sewer: 109 daAuts
